 Dungeon Crawl Stone Soup version 0.28-a0-664-gc179e30c89 (webtiles) character file.

Game seed: 4110480438649881783

155 runemasterragnar the Vexing (level 5, 0/30 HPs)
             Began as a Kobold Arcane Marksman on Oct 17, 2021.
             Slain by Grinder (1 damage)
             ... on level 3 of the Dungeon.
             The game lasted 00:08:53 (3915 turns).

runemasterragnar the Vexing (KoAM)                  Turns: 3915, Time: 00:08:54

Health: 0/30       AC:  3    Str:  8    XL:     5   Next: 63%
Magic:  2/7        EV: 15    Int: 14    God:
Gold:   130        SH:  0    Dex: 16    Spells: 2/7 levels left

rFire   . . .      SeeInvis .   q - +3 dagger
rCold   . . .      Faith    .   (shield restricted)
rNeg    . . .      Spirit   .   d - +0 robe
rPois   .          Reflect  .   (no helmet)
rElec   .          Harm     .   i - +0 cloak
rCorr   .          Rampage  .   (no gloves)
Will    .....                   (no boots)
Stlth   +++.......              (no amulet)
HPRegen 0.10/turn               (no ring)
MPRegen 0.10/turn               (no ring)

@: mighty, hasted, very quick
A: small, no large weapons, nightstalker 3
a: no special abilities


You were on level 3 of the Dungeon.
You visited 1 branch of the dungeon, and saw 3 of its levels.

You collected 130 gold pieces.

Inventory:

Hand Weapons
 a - a +0 hand crossbow
 g - a +2 dagger of draining
 l - a +0 short sword
 p - a +0 falchion
 q - a +3 dagger (weapon)
Missiles
 c - 16 bolts
Armour
 d - a +0 robe (worn)
 i - a +0 cloak (worn)
Scrolls
 b - 2 scrolls of amnesia {unknown}
 e - a scroll of blinking
 j - a scroll of magic mapping
 o - a scroll of immolation
Potions
 f - a potion of brilliance
 k - a potion of curing
 n - a potion of cancellation
 r - a potion of magic
 s - a potion of flight


   Skills:
 + Level 2.2 Fighting
 + Level 1.6 Short Blades
 + Level 3.2 Crossbows
 + Level 3.1 Dodging
 + Level 2.1 Stealth
 + Level 1.9 Spellcasting
 * Level 4.0 Hexes


You had 2 spell levels left.
You knew the following spells:

 Your Spells              Type           Power      Damage    Failure   Level
a - Slow                  Hex            12%        N/A       7%          2
b - Portal Projectile     Hex/Tloc       14%        N/A       30%         3

Your spell library contained the following spells:

 Spells                   Type           Power      Damage    Failure   Level
 Inner Flame              Hex/Fire       7%         N/A       30%         3
 Cause Fear               Hex            6%         N/A       41%         4
 Stone Arrow              Conj/Erth      2%         3d7       58%         3
 Animate Armour           Summ/Erth      2%         N/A       94%         4
 Lehudib's Crystal Spear  Conj/Erth      0%         10d2      100%        8


Dungeon Overview and Level Annotations

Branches:
Dungeon (3/15)

Altars:

Annotations:
D:3 Grinder


Innate Abilities, Weirdness & Mutations

You are small and have problems with some larger weapons.
You are completely attuned to the shadows.


Message History

Confirm with . or Enter, or press ? or * to list all spells.
Aiming: Slow (safe; 7% risk of failure)
Press: ? - help, Shift-Dir - straight line, f/p - Grinder
Aim: Grinder (chance to affect: 49%) Grinder resists with some effort.
Grinder gestures at you. Pain shoots through your body!
Casting: Slow (safe; 7% risk of failure)
Confirm with . or Enter, or press ? or * to list all spells.
Aiming: Slow (safe; 7% risk of failure)
Press: ? - help, Shift-Dir - straight line, f/p - Grinder
Aim: Grinder (chance to affect: 49%) Grinder resists with some effort.
Unknown command.
You feel very mighty all of a sudden. Grinder hits you!
You writhe in agony.
q - a +3 dagger (weapon)
Okay, then.
You feel yourself speed up. Grinder completely misses you.
You feel better. Grinder hits you!
You puncture Grinder!
Grinder is moderately wounded.
You closely miss Grinder.
Grinder is moderately wounded.
Grinder barely misses you.
You puncture Grinder!
Grinder is heavily wounded.
Grinder misses you.
You completely miss Grinder.
Grinder is heavily wounded.
You puncture Grinder!
Grinder is severely wounded.
Grinder gestures at you. You resist with significant effort.
You hit Grinder.
Grinder is severely wounded.
Grinder hits you!
* * * LOW HITPOINT WARNING * * *
You writhe in agony.
You die...

...##.....
####........####
......8.#.
##..........#...
......###
#..#........#.##
......#
######..#.......##.#
......###
#...............##.#
........#
..........##....##.#
.####...#
...........##+#....#
....#...#
###5#.....# ######
....#.### #@#.......
....#+#
............. .....
...........## .##..
.........###
+######..#


You could see Grinder.

Vanquished Creatures
  An iguana (D:3)
  Terence (D:2)
  A gnoll (D:1)
  An adder (D:2)
  A worm (D:3)
  2 dart slugs (D:2)
  An orc (D:3)
  7 ball pythons
  2 bats
  5 endoplasms
  3 giant cockroaches
  6 hobgoblins
  2 jackals (D:2)
  7 kobolds
  12 quokkas
  3 frilled lizards
  9 goblins
  3 rats
67 creatures vanquished.

Notes
Turn   | Place    | Note
-------+----------+-------------------------------------------
     0 | D:1      | runemasterragnar the Kobold Arcane Marksman began the quest
                  | for the Orb.
     0 | D:1      | Reached XP level 1. HP: 12/12 MP: 2/2
     2 | D:1      | Noticed a troll
     4 | D:1      | Noticed a vampire
     4 | D:1      | Noticed a spriggan
     6 | D:1      | Noticed a formicid
     8 | D:1      | Noticed a tengu
    12 | D:1      | Noticed a merfolk
    12 | D:1      | Noticed a felid
    14 | D:1      | Noticed a naga
    14 | D:1      | Noticed a gargoyle
    16 | D:1      | Noticed a vine stalker
    16 | D:1      | Noticed an elf
    18 | D:1      | Noticed a dwarf
    18 | D:1      | Noticed a ghoul
    20 | D:1      | Noticed a minotaur
    20 | D:1      | Noticed an ogre
    22 | D:1      | Noticed a human
    22 | D:1      | Noticed a draconian
    24 | D:1      | Noticed a demigod
    24 | D:1      | Noticed a demonspawn
    26 | D:1      | Noticed an octopode
   303 | D:1      | Reached XP level 2. HP: 11/16 MP: 3/3
   455 | D:1      | Learned a level 2 spell: Slow
  1152 | D:1      | Found a faded altar of an unknown god.
  1357 | D:1      | Reached XP level 3. HP: 20/20 MP: 5/5
  1663 | D:1      | Reached skill level 1 in Stealth
  2073 | D:1      | You fall into a shaft and drop 1 floor!
  2404 | D:2      | Reached XP level 4. HP: 22/25 MP: 4/6
  2509 | D:2      | Learned a level 3 spell: Portal Projectile
  2684 | D:2      | Reached skill level 1 in Short Blades
  2755 | D:2      | Noticed Terence
  2773 | D:2      | Killed Terence
  3031 | D:2      | Reached XP level 5. HP: 30/30 MP: 7/7
  3491 | D:3      | Reached skill level 4 in Hexes
  3696 | D:3      | Noticed Grinder
  3698 | D:3      | Paralysed by Grinder for 5 turns
  3915 | D:3      | HP: 1/30 [Grinder (9)]
  3915 | D:3      | Slain by Grinder

Illustrated notes

Levels and vault maps discovered:
D:1:      kb_arrival_jail, layout_loops_corners,
          shapermc_ecumenical_altar_mp_ritualfount, feat_on_display
D:2:      wad_crossroads, layout_rooms, grunt_decor_junction, uniq_terence
D:3:      layout_basic, minitemple, tgw_kikubaaqudgha, ebering_ghost_sewer_d,
          dk_noncrumbling_4, minmay_cupped, uniq_robin, uniq_crazy_yiuf_cottage,
          uniq_grinder

Skill      XL: |  1  2  3  4  5 |
---------------+----------------+-----
Stealth        | 1 2 |  2.1
Short Blades   | 1 |  1.6
Crossbows      | 3 |  3.2
Dodging        | 3 |  3.1
Fighting       | 2 |  2.2
Hexes          | 4 |  4.0
Spellcasting   | |  1.9

Action                   |  1- 3 |  4- 6 || total
-------------------------+-------+-------++-------
Melee: Dagger            |   109 |    90 ||   199
       Unarmed           |       |     2 ||     2
 Fire: Hand crossbow     |    30 |     3 ||    33
 Cast: Slow              |    10 |    13 ||    23
  Use: Potion            |     1 |     4 ||     5
       Scroll            |     3 |     6 ||     9
 Stab: Sleeping          |     7 |    13 ||    20
Armor: Robe              |    18 |    10 ||    28
       Skin              |       |     1 ||     1
Dodge: Dodged            |   109 |    46 ||   155

Table legend: (Time is in decaauts)
 A = Elapsed time spent in this place.
 B = Non-inter-level travel time spent in this place.
 C = Inter-level travel time spent in this place.
 D = Time resting spent in this place.
 E = Time spent auto-exploring this place.
 F = Levels seen in this place.
 G = Mean time per level.
                   A        B        C        D        E       F      G
               +--------+--------+--------+--------+--------+-----+--------+
         Total |   3909 |   3879 |     30 |    520 |   2641 |   3 | 1303.0 |
       Dungeon |   3909 |   3879 |     30 |    520 |   2641 |   3 | 1303.0 |
               +--------+--------+--------+--------+--------+-----+--------+

Top non-repeatable levels by time:
     D:1: 2075 daAuts
     D:2: 1363 daAuts
     D:3: 471 daAuts
